[Event "FIDE WCCC Girls-12 2024"]
[Site "Montesilvano"]
[Date "2024.11.18"]
[Round "3.1"]
[White "Bassari, Senem Gul"]
[Black "Pratitee Bordoloi"]
[Result "1-0"]
[ECO "B11"]
[WhiteElo "1778"]
[BlackElo "1929"]
[PlyCount "101"]
[EventDate "2024.11.18"]
[EventType "swiss"]
[EventCountry "ITA"]
[TimeControl "5400+30"]

1. e4 c6 2. Nc3 d5 3. Nf3 Bg4 4. h3 Bxf3 5. Qxf3 e6 6. d4 Nf6 7. Bd3 dxe4 8. Nxe4 Be7 9. Nxf6+ Bxf6 10. c3 Nd7 11. Bf4 Qb6 12. O-O-O a5 13. Bd6 O-O-O 14. Kb1 g6 15. Rhe1 Rhe8 16. Qf4 Be7 17. Bxe7 Rxe7 18. Qh4 f6 19. Bc4 Rde8 20. Re2 Qc7 21. Rde1 Qd6 22. Bb3 e5 23. Qg3 c5 24. Rd1 Qa6 25. Rde1 e4 26. Bc2 f5 27. f3 e3 28. Qf4 Qe6 29. Ba4 c4 30. Kc1 Nb6 31. d5 g5 32. Qd4 Nxd5 33. Bxe8 Rxe8 34. Qxc4+ Kb8 35. Qd4 f4 36. Rd1 Nf6 37. h4 h6 38. hxg5 hxg5 39. Qc5 Qe5 40. Rd8+ Rxd8 41. Qxe5+ Ka7 42. Qxa5+ Kb8 43. Qxd8+ Ka7 44. Qxf6 b6 45. Re1 Ka6 46. Rd1 e2 47. Re1 Ka5 48. Rxe2 Ka6 49. Re6 Ka7 50. Rxb6 g4 51. Re6 1-0

[Event "FIDE WCCC Girls-12 2024"]
[Site "Montesilvano"]
[Date "2024.11.18"]
[Round "3.2"]
[White "Zavivaeva, Kristina"]
[Black "Buyankhishig, Batpelden"]
[Result "1/2-1/2"]
[ECO "A11"]
[WhiteElo "1775"]
[BlackElo "1867"]
[PlyCount "195"]
[EventDate "2024.11.18"]
[EventType "swiss"]
[EventCountry "ITA"]
[TimeControl "5400+30"]

1. Nf3 d5 2. g3 Nf6 3. Bg2 Bf5 4. O-O e6 5. c4 c6 6. cxd5 exd5 7. d3 Bd6 8. Nc3 O-O 9. Qb3 Qb6 10. Qc2 Re8 11. Re1 Nbd7 12. e4 Bg4 13. Be3 Qa6 14. Nh4 Rac8 15. h3 Bh5 16. f4 dxe4 17. dxe4 Bc5 18. g4 Bxe3+ 19. Rxe3 Qb6 20. Rae1 Bxg4 21. Na4 Qb4 22. hxg4 Nxg4 23. Qb3 Qd2 24. R1e2 Qc1+ 25. Re1 Qd2 26. R1e2 Qd6 27. Bh3 Nxe3 28. Qxe3 Rcd8 29. Nc3 Nf8 30. Nf5 Qb4 31. Qxa7 Rd3 32. Bg2 b6 33. Qc7 Qc5+ 34. Kh2 Rd7 35. Na4 Qc4 36. Nxb6 Qxe2 37. Nxd7 Qh5+ 38. Kg3 Ne6 39. Qxc6 Qg6+ 40. Kf2 f6 41. Nh4 Qh5 42. Kg3 Nxf4 43. Kxf4 Qxh4+ 44. Kf3 Rd8 45. Qc7 Qh5+ 46. Kf2 Re8 47. a4 Qh4+ 48. Qg3 Qh6 49. Qe3 Qh4+ 50. Kf1 Rd8 51. Qd2 Kh8 52. b4 Qg4 53. Nxf6 Rf8 54. b5 Rxf6+ 55. Kg1 h5 56. b6 Rf7 57. Qd5 Rd7 58. b7 Rxb7 59. Qxb7 Qd1+ 60. Kh2 Qxa4 61. Qc8+ Kh7 62. Qf5+ Kh6 63. Qf4+ Kh7 64. Qg5 Qe8 65. e5 Qg6 66. Qf4 Qe6 67. Be4+ Kg8 68. Kg3 g6 69. Qg5 Kg7 70. Kh4 Qf7 71. Qg3 Qe7+ 72. Kh3 Qe6+ 73. Kh2 Qa2+ 74. Bg2 Qc4 75. Qf2 Qe6 76. Qd4 Kh6 77. Bd5 Qa6 78. e6 Qe2+ 79. Kg3 Qe1+ 80. Qf2 Qc3+ 81. Kg2 Qe5 82. Qf8+ Kg5 83. Qd8+ Kf4 84. Qh4+ Kf5 85. Qf2+ Kg5 86. Qf3 Kh6 87. Kh3 g5 88. Qf8+ Kg6 89. Qg8+ Kh6 90. Qf8+ Kg6 91. Qe8+ Kh6 92. Qf8+ Kg6 93. Qg8+ Kh6 94. Qf8+ Kg6 95. Qe8+ Kh6 96. Qf8+ Kg6 97. Qg8+ Kh6 98. Qf8+ 1/2-1/2

[Event "FIDE WCCC Girls-12 2024"]
[Site "Montesilvano"]
[Date "2024.11.18"]
[Round "3.3"]
[White "Ahmed Mohamed, Zakaa"]
[Black "Tu, Audrey"]
[Result "0-1"]
[ECO "C54"]
[WhiteElo "1866"]
[BlackElo "1765"]
[PlyCount "106"]
[EventDate "2024.11.18"]
[EventType "swiss"]
[EventCountry "ITA"]
[TimeControl "5400+30"]

1. e4 e5 2. Nf3 Nc6 3. Bc4 Bc5 4. c3 Nf6 5. d3 a6 6. Bb3 d6 7. O-O Ba7 8. Re1 O-O 9. h3 h6 10. Nbd2 Be6 11. Bc2 Nh7 12. Nf1 Qf6 13. Ng3 g5 14. Be3 Bxe3 15. Rxe3 Ne7 16. d4 Ng6 17. Nh5 Qe7 18. Nh2 Nf6 19. Nxf6+ Qxf6 20. Rf3 Qg7 21. Nf1 Nf4 22. Kh1 Kh8 23. Ne3 Rg8 24. Bb3 g4 25. Rg3 Nh5 26. Bxe6 Nxg3+ 27. fxg3 fxe6 28. dxe5 gxh3 29. Qh5 hxg2+ 30. Nxg2 Qg5 31. Qh3 Rg7 32. Kh2 Rag8 33. exd6 cxd6 34. Kg1 Qxg3 35. Qxh6+ Rh7 36. Qf6+ Qg7 37. Qf3 Qh6 38. Rf1 Qh2+ 39. Kf2 Rxg2+ 40. Ke1 Qg3+ 41. Qxg3 Rxg3 42. Ke2 Rh2+ 43. Kd1 Rxb2 44. Kc1 Rxa2 45. Kb1 Rag2 46. e5 Rg1 47. Rxg1 Rxg1+ 48. Kc2 dxe5 49. c4 e4 50. c5 e3 51. Kd3 Rg3 52. c6 bxc6 53. Ke2 a5 0-1

[Event "FIDE WCCC Girls-12 2024"]
[Site "Montesilvano"]
[Date "2024.11.18"]
[Round "3.4"]
[White "Tran Le Vy"]
[Black "Sinkar, Anagha Aniket"]
[Result "0-1"]
[ECO "B22"]
[WhiteElo "1854"]
[BlackElo "1723"]
[PlyCount "124"]
[EventDate "2024.11.18"]
[EventType "swiss"]
[EventCountry "ITA"]
[TimeControl "5400+30"]

1. e4 c5 2. Nf3 Nc6 3. c3 Nf6 4. e5 Nd5 5. d4 cxd4 6. cxd4 d6 7. Bc4 Nb6 8. Bd3 g6 9. O-O Bg7 10. Bf4 dxe5 11. dxe5 O-O 12. Nc3 Bg4 13. Re1 Nd7 14. Be2 Bxf3 15. Bxf3 Ndxe5 16. Bxe5 Nxe5 17. Qb3 Nxf3+ 18. gxf3 e6 19. Ne4 Qe7 20. f4 Qh4 21. Qg3 Qxg3+ 22. hxg3 b6 23. Re2 Rac8 24. Kg2 Rc4 25. Rae1 Rd8 26. g4 Rb4 27. b3 Rb5 28. g5 Rf5 29. Kg3 e5 30. fxe5 Bxe5+ 31. Kh3 Kg7 32. Re3 Rd5 33. Kg4 Bf4 34. Rf3 Bxg5 35. Rxf5 gxf5+ 36. Kxg5 fxe4+ 37. Kf4 Rd2 38. Ke3 Rxa2 39. Rg1+ Kf8 40. Rh1 Ra3 41. Rxh7 Rxb3+ 42. Kxe4 Rb5 43. Rh8+ Kg7 44. Ra8 a5 45. f4 Kf6 46. Ra6 Ke6 47. f5+ Kf6 48. Kd4 Kxf5 49. Kc4 Rb4+ 50. Kd5 Kg4 51. Ke5 f5 52. Ra8 f4 53. Rg8+ Kf3 54. Rh8 Ke3 55. Rc8 f3 56. Rc3+ Kf2 57. Rc2+ Kg1 58. Rc1+ Kg2 59. Rc2+ f2 60. Kf5 Kg1 61. Rc1+ f1=Q+ 62. Rxf1+ Kxf1 0-1

[Event "FIDE WCCC Girls-12 2024"]
[Site "Montesilvano"]
[Date "2024.11.18"]
[Round "3.5"]
[White "Mozolevskaya, Tatyana Nik"]
[Black "Xu, Luna Yuexiu"]
[Result "1-0"]
[ECO "A07"]
[WhiteElo "1775"]
[BlackElo "1821"]
[PlyCount "113"]
[EventDate "2024.11.18"]
[EventType "swiss"]
[EventCountry "ITA"]
[TimeControl "5400+30"]

1. Nf3 d5 2. g3 c6 3. Bg2 Bf5 4. O-O Nd7 5. d3 e5 6. c4 Ngf6 7. cxd5 cxd5 8. Bg5 Be7 9. Nc3 d4 10. Bxf6 Nxf6 11. Nb1 Nd7 12. Nbd2 Be6 13. Rc1 O-O 14. Nc4 Bf6 15. Nfd2 Rb8 16. Nd6 Nc5 17. N6c4 Qe7 18. b4 Na6 19. a3 Nc7 20. Ne4 Bd5 21. Ncd2 Bc6 22. Nxf6+ Qxf6 23. Bxc6 bxc6 24. Rc5 Nd5 25. Ne4 Qg6 26. Qc2 Rb6 27. Rc1 f5 28. Nd2 Qg4 29. Nc4 Qh3 30. Nxb6 axb6 31. Rxd5 cxd5 32. Qc6 Kh8 33. Qc8 Rg8 34. Qe6 h6 35. Qxe5 Qh5 36. Rc7 Qg6 37. Qxd4 Re8 38. Qxd5 Rxe2 39. Rc8+ Re8 40. Rxe8+ Qxe8 41. Qxf5 Qa8 42. Qb5 Qxa3 43. Qxb6 Qxd3 44. Qb8+ Kh7 45. Qb7 Qb1+ 46. Kg2 h5 47. h4 Kg6 48. b5 Qb3 49. Qc6+ Kh7 50. b6 Qb4 51. b7 Qb1 52. Qd5 Kh6 53. Qg5+ Kh7 54. Qxh5+ Kg8 55. Qe8+ Kh7 56. b8=Q Qd3 57. Qh5# 1-0

[Event "FIDE WCCC Girls-12 2024"]
[Site "Montesilvano"]
[Date "2024.11.18"]
[Round "3.6"]
[White "Abak, Tuana"]
[Black "Siddhi Rao"]
[Result "0-1"]
[ECO "C30"]
[WhiteElo "1806"]
[BlackElo "1677"]
[PlyCount "146"]
[EventDate "2024.11.18"]
[EventType "swiss"]
[EventCountry "ITA"]
[TimeControl "5400+30"]

1. e4 e5 2. Nc3 Nc6 3. Bc4 Nf6 4. d3 Bc5 5. f4 d6 6. Nf3 Qe7 7. f5 Na5 8. Nd5 Nxd5 9. Bxd5 c6 10. Bb3 Nxb3 11. axb3 d5 12. Qe2 f6 13. Bd2 Bd7 14. g4 dxe4 15. dxe4 O-O-O 16. O-O-O Kb8 17. Qc4 Be8 18. Ba5 Rc8 19. Qd3 b6 20. Bc3 Bf7 21. h4 Rhd8 22. Qe2 Kb7 23. Kb1 a5 24. Rxd8 Rxd8 25. Rd1 Rd6 26. Rxd6 Qxd6 27. Qd2 Qxd2 28. Bxd2 Bf2 29. Kc1 Kc7 30. Kd1 Kd6 31. Ke2 Bc5 32. Ne1 Be8 33. Nd3 Bf7 34. Nxc5 Kxc5 35. Kd3 Kd6 36. g5 c5 37. gxf6 gxf6 38. Be1 Ke7 39. Bf2 Kd6 40. Be3 Ke7 41. Bh6 Kd6 42. Bf8+ Kd7 43. Ke3 Ke8 44. Bh6 Ke7 45. Kd3 Ke8 46. Kc3 Ke7 47. Bg7 Bg8 48. Kd3 Bf7 49. Ke3 Bg8 50. Bh6 Bf7 51. Kf2 Bg8 52. Kf3 Bf7 53. Kg4 Bg8 54. Be3 Bf7 55. Bd2 h5+ 56. Kf3 Bg8 57. Be3 Bf7 58. Ke2 Bg8 59. Kd2 Bf7 60. Kc1 Be8 61. Kb1 Bc6 62. Ka2 Bxe4 63. Ka3 Bxc2 64. Ka4 Bd3 65. b4 axb4 66. b3 Bxf5 67. Kb5 Bc2 68. Kc4 Kd6 69. Bf2 Kc6 70. Bxc5 Bxb3+ 71. Kxb4 bxc5+ 72. Kxb3 Kd5 73. Kc3 f5 0-1

[Event "FIDE WCCC Girls-12 2024"]
[Site "Montesilvano"]
[Date "2024.11.18"]
[Round "3.7"]
[White "Harutyunyan, Gabriela"]
[Black "Li, Sophie"]
[Result "1/2-1/2"]
[ECO "C45"]
[WhiteElo "1730"]
[BlackElo "1798"]
[PlyCount "98"]
[EventDate "2024.11.18"]
[EventType "swiss"]
[EventCountry "ITA"]
[TimeControl "5400+30"]

1. e4 e5 2. Nf3 Nc6 3. d4 exd4 4. Nxd4 Qf6 5. Be3 Bc5 6. c3 Nge7 7. Bc4 Qg6 8. O-O O-O 9. Nxc6 Qxc6 10. Bxc5 Qxc5 11. Na3 Nc6 12. b4 Qe5 13. Qc2 d6 14. f4 Qf6 15. Nb5 Be6 16. Bxe6 fxe6 17. Qb3 Rac8 18. Rad1 Kh8 19. Nd4 Nxd4 20. cxd4 Qg6 21. Qe3 d5 22. e5 Rf5 23. Rf3 Rcf8 24. Rdf1 R5f7 25. Qc3 c6 26. a4 a6 27. a5 Qg4 28. Qe3 g5 29. h3 Qh4 30. f5 Rxf5 31. Rxf5 exf5 32. e6 Qe4 33. Qxe4 dxe4 34. Rxf5 Re8 35. Rxg5 Rxe6 36. Kf2 e3+ 37. Ke2 Re4 38. Re5 Rxd4 39. Re8+ Kg7 40. Re7+ Kg6 41. Rxb7 Rd2+ 42. Kxe3 Rxg2 43. Kf3 Rb2 44. Rb6 Kf5 45. Rxc6 Rxb4 46. Rxa6 Rb3+ 47. Kg2 Ra3 48. Ra8 Kg5 49. a6 Ra2+ 1/2-1/2

[Event "FIDE WCCC Girls-12 2024"]
[Site "Montesilvano"]
[Date "2024.11.18"]
[Round "3.8"]
[White "Bohatyrova, Mariia"]
[Black "Amanzhol, Khanzada"]
[Result "0-1"]
[ECO "B36"]
[WhiteElo "1722"]
[BlackElo "1780"]
[PlyCount "74"]
[EventDate "2024.11.18"]
[EventType "swiss"]
[EventCountry "ITA"]
[TimeControl "5400+30"]

1. e4 c5 2. Nf3 Nc6 3. d4 cxd4 4. Nxd4 g6 5. c4 Nf6 6. Nc3 d6 7. Be2 Nxd4 8. Qxd4 Bg7 9. Be3 O-O 10. Qd2 Be6 11. f3 Qa5 12. O-O Rfc8 13. Nd5 Qxd2 14. Bxd2 Kf8 15. Ne3 Nd7 16. Rab1 b5 17. b3 Bd4 18. Rfc1 bxc4 19. Bxc4 Bxc4 20. Rxc4 Rxc4 21. bxc4 Ne5 22. Rc1 Rb8 23. Kf1 Rb2 24. Rc2 Nxc4 25. Rxb2 Nxb2 26. Ke2 Ke8 27. Nd5 e6 28. Nb4 Kd7 29. Nc2 Bc5 30. Be3 Kc6 31. Bf4 Kb5 32. Kd2 Kc4 33. Ne3+ Bxe3+ 34. Bxe3 a6 35. Kc2 Nd3 36. h3 Ne1+ 37. Kd2 Nxg2 0-1

[Event "FIDE WCCC Girls-12 2024"]
[Site "Montesilvano"]
[Date "2024.11.18"]
[Round "3.9"]
[White "Rzadkowska, Kaja"]
[Black "Qiu, Laurie"]
[Result "1/2-1/2"]
[ECO "E32"]
[WhiteElo "1798"]
[BlackElo "1994"]
[PlyCount "105"]
[EventDate "2024.11.18"]
[EventType "swiss"]
[EventCountry "ITA"]
[TimeControl "5400+30"]

1. d4 Nf6 2. c4 e6 3. Nc3 Bb4 4. Qc2 b6 5. e4 Bxc3+ 6. bxc3 d6 7. Bd3 Nbd7 8. Ne2 c5 9. O-O Ba6 10. Ba3 Rc8 11. f3 O-O 12. Rad1 Qc7 13. Rd2 Rfd8 14. Qa4 Bb7 15. Ng3 g6 16. Bc1 cxd4 17. cxd4 e5 18. Bb2 exd4 19. Bxd4 Qc6 20. Qa3 Ne5 21. f4 Ned7 22. e5 dxe5 23. fxe5 Ng4 24. Be4 Qc7 25. Bxb7 Qxb7 26. Qe7 Nc5 27. Rxf7 Qxe7 28. Rxe7 Kf8 29. Rxh7 Ne6 30. Rh8+ Ke7 31. Rh7+ Kf8 32. Rh8+ Kf7 33. Rxd8 Rxd8 34. Bc3 Rxd2 35. Bxd2 Nxe5 36. Bc3 Nxc4 37. Kf2 Nc5 38. Ke2 Ke6 39. Nf1 a5 40. Ne3 Nd6 41. Kd1 Nce4 42. Bd4 b5 43. Kc2 Nc4 44. Nxc4 bxc4 45. a4 Nd6 46. Bc3 Nb7 47. Bd2 Nc5 48. Bxa5 Nxa4 49. Be1 Kd5 50. h4 Nc5 51. g4 Ne4 52. h5 gxh5 53. gxh5 1/2-1/2

[Event "FIDE WCCC Girls-12 2024"]
[Site "Montesilvano"]
[Date "2024.11.18"]
[Round "3.10"]
[White "Ejsymont, Blanka"]
[Black "Alcantara, Levanah"]
[Result "1-0"]
[ECO "C02"]
[WhiteElo "1945"]
[BlackElo "1753"]
[PlyCount "53"]
[EventDate "2024.11.18"]
[EventType "swiss"]
[EventCountry "ITA"]
[TimeControl "5400+30"]

1. e4 e6 2. d4 d5 3. e5 c5 4. c3 Nc6 5. Nf3 Qb6 6. Na3 cxd4 7. cxd4 Bb4+ 8. Bd2 Bxa3 9. bxa3 Nxd4 10. Qa4+ Nc6 11. Bd3 Nge7 12. O-O Bd7 13. Qg4 Ng6 14. Rfe1 Rc8 15. h4 h5 16. Qg3 Nce7 17. Rab1 Qc7 18. Bb4 Rh6 19. Bd6 Qa5 20. Rxb7 Qa4 21. Bxe7 Nxe7 22. Qxg7 Qf4 23. Rb4 Rc4 24. Bxc4 Rg6 25. Qh8+ Ng8 26. Rb8+ Ke7 27. Rxg8 1-0

[Event "FIDE WCCC Girls-12 2024"]
[Site "Montesilvano"]
[Date "2024.11.18"]
[Round "3.11"]
[White "Hanya Shah"]
[Black "Baruch, Amit"]
[Result "0-1"]
[ECO "E43"]
[WhiteElo "1888"]
[BlackElo "1747"]
[PlyCount "110"]
[EventDate "2024.11.18"]
[EventType "swiss"]
[EventCountry "ITA"]
[TimeControl "5400+30"]

1. c4 Nf6 2. Nc3 e6 3. Nf3 b6 4. e3 Bb7 5. d4 Bb4 6. Be2 O-O 7. O-O Bxc3 8. bxc3 d6 9. Nd2 Nbd7 10. Bd3 e5 11. e4 Re8 12. Re1 h6 13. Qc2 Nh7 14. Nf1 Qf6 15. Be3 Nhf8 16. f3 Ne6 17. Qf2 Ba6 18. Nd2 Ndf8 19. Bf1 Ng6 20. Rad1 Nef4 21. g3 Ne6 22. Nb1 Red8 23. Na3 Qe7 24. Nc2 Qe8 25. Nb4 Bb7 26. Nd3 Qa4 27. d5 Nef8 28. f4 exf4 29. Nxf4 Ne5 30. Rb1 Rab8 31. Bd4 Re8 32. Bxe5 Rxe5 33. Bd3 a5 34. Rf1 Re7 35. Ng2 Bc8 36. Nf4 Nd7 37. Qd4 Ne5 38. Be2 Ba6 39. Ng2 Qxa2 40. Rfe1 Bxc4 41. Ra1 Qxe2 42. Rxe2 Nf3+ 43. Kf2 Nxd4 44. cxd4 Bxe2 45. Kxe2 Rxe4+ 46. Kd3 Rbe8 47. Nf4 Re3+ 48. Kd2 Rb3 49. Rc1 Re7 50. Rc2 a4 51. Ra2 a3 52. Nd3 Rb5 53. Rxa3 Rxd5 54. Ra4 c5 55. dxc5 dxc5 0-1

[Event "FIDE WCCC Girls-12 2024"]
[Site "Montesilvano"]
[Date "2024.11.18"]
[Round "3.12"]
[White "Venskaya, Nika"]
[Black "Anu, Bayart-Uchral"]
[Result "1/2-1/2"]
[ECO "E18"]
[WhiteElo "1871"]
[BlackElo "1624"]
[PlyCount "87"]
[EventDate "2024.11.18"]
[EventType "swiss"]
[EventCountry "ITA"]
[TimeControl "5400+30"]

1. d4 Nf6 2. Nf3 e6 3. g3 b6 4. Bg2 Bb7 5. O-O Be7 6. c4 O-O 7. Re1 d6 8. Nc3 c5 9. d5 exd5 10. cxd5 Nbd7 11. e4 Ng4 12. h3 Nge5 13. Nxe5 dxe5 14. f4 a6 15. a4 Bd6 16. Qd3 Qc7 17. f5 c4 18. Qe2 b5 19. Be3 b4 20. Na2 a5 21. Kh1 Ba6 22. Qf3 Nc5 23. Nc1 Qd7 24. Bxc5 Bxc5 25. Ne2 c3 26. b3 Rfc8 27. Rac1 Qa7 28. Rc2 Bf2 29. Rd1 Be3 30. Bf1 Bd2 31. Kg2 Qd7 32. Nc1 Bxf1+ 33. Rxf1 Ra6 34. Ne2 Re8 35. Qd3 Rd6 36. Ng1 Qa7 37. Nf3 Bh6 38. Re1 f6 39. Rd1 Red8 40. Qe2 Qc5 41. Qd3 Re8 42. Qe2 Red8 43. Qd3 R6d7 44. Qe2 1/2-1/2

[Event "FIDE WCCC Girls-12 2024"]
[Site "Montesilvano"]
[Date "2024.11.18"]
[Round "3.13"]
[White "Chovanec, Alice"]
[Black "Pavithra R V"]
[Result "1-0"]
[ECO "D36"]
[WhiteElo "1694"]
[BlackElo "1854"]
[PlyCount "81"]
[EventDate "2024.11.18"]
[EventType "swiss"]
[EventCountry "ITA"]
[TimeControl "5400+30"]

1. d4 d5 2. c4 e6 3. Nc3 Nf6 4. cxd5 exd5 5. Bg5 Be7 6. e3 h6 7. Bf4 c6 8. Bd3 Nbd7 9. Qc2 O-O 10. h3 Re8 11. Nf3 Nf8 12. O-O-O Be6 13. Kb1 Bd6 14. Ne5 a5 15. g4 Bxe5 16. Bxe5 N6d7 17. Bh2 b5 18. f4 f6 19. Rhg1 Bf7 20. Rde1 Nb6 21. h4 Nc4 22. Nd1 b4 23. g5 fxg5 24. hxg5 hxg5 25. Rxg5 Ne6 26. Rgg1 Nc7 27. Bg3 a4 28. Qh2 Qf6 29. Bh4 Qd6 30. Qg2 Qh6 31. Bg5 Qd6 32. Be7 Qh6 33. Rh1 Bh5 34. Bg5 Qh8 35. Bf6 Kf7 36. Rxh5 Qxh5 37. Qxg7+ Ke6 38. Bg6 Qh2 39. e4 Qd2 40. Bf5+ Kd6 41. Qd7# 1-0

[Event "FIDE WCCC Girls-12 2024"]
[Site "Montesilvano"]
[Date "2024.11.18"]
[Round "3.14"]
[White "Sunea, Sara Maria"]
[Black "Allahverdi, Zahra"]
[Result "0-1"]
[ECO "C45"]
[WhiteElo "1823"]
[BlackElo "1718"]
[PlyCount "100"]
[EventDate "2024.11.18"]
[EventType "swiss"]
[EventCountry "ITA"]
[TimeControl "5400+30"]

1. e4 e5 2. Nf3 Nc6 3. d4 exd4 4. Nxd4 Bc5 5. Nb3 Bb6 6. Nc3 Nf6 7. Qe2 Qe7 8. Be3 Bxe3 9. Qxe3 d6 10. O-O-O Be6 11. f3 a6 12. g4 h6 13. h4 g6 14. Be2 Nd7 15. f4 Bxb3 16. axb3 Nb6 17. Rh3 O-O-O 18. g5 hxg5 19. hxg5 Rxh3 20. Qxh3+ Kb8 21. Bg4 f6 22. gxf6 Qxf6 23. Qe3 Rf8 24. Ne2 Re8 25. Qf3 Rh8 26. Rh1 Rf8 27. Qc3 Ne5 28. Bh3 Qh4 29. Qe1 Rxf4 30. Nxf4 Qxf4+ 31. Kb1 Nf3 32. Qe2 Nd2+ 33. Ka1 Nxe4 34. Rf1 Qe5 35. Re1 Qa5+ 36. Kb1 Nd2+ 37. Kc1 Nf3 38. Qe8+ Ka7 39. c3 Qa1+ 40. Kc2 Nxe1+ 41. Kd2 Qxb2+ 42. Kxe1 Qxc3+ 43. Kf2 Qxh3 44. Qxg6 Qxb3 45. Qg7 Qc2+ 46. Ke1 Qc5 47. Kd1 a5 48. Qg3 a4 49. Qf3 a3 50. Qb3 Qd5+ 0-1

[Event "FIDE WCCC Girls-12 2024"]
[Site "Montesilvano"]
[Date "2024.11.18"]
[Round "3.15"]
[White "Tong Thai Hoang An"]
[Black "Smirnova, Viktoria A"]
[Result "1-0"]
[ECO "D45"]
[WhiteElo "1869"]
[BlackElo "1658"]
[PlyCount "81"]
[EventDate "2024.11.18"]
[EventType "swiss"]
[EventCountry "ITA"]
[TimeControl "5400+30"]

1. d4 d5 2. c4 c6 3. Nc3 Nf6 4. e3 e6 5. Nf3 Nbd7 6. Qc2 a6 7. b3 Bb4 8. Bd2 b6 9. Bd3 Bb7 10. a3 Bd6 11. e4 e5 12. O-O Qc7 13. Rae1 O-O 14. dxe5 Nxe5 15. Nxe5 Bxe5 16. f4 Bd4+ 17. Kh1 Bxc3 18. Bxc3 Nxe4 19. Bxe4 dxe4 20. Rxe4 c5 21. Re3 Rad8 22. Rh3 h6 23. Rg3 f6 24. h3 Kh8 25. Qf5 Qd7 26. Qc2 Rfe8 27. Qg6 Be4 28. f5 Rf8 29. Rf4 Bc2 30. Rh4 Kg8 31. Bxf6 Rxf6 32. Qxf6 Qc7 33. Rxg7+ Qxg7 34. Qxd8+ Kh7 35. f6 Qf7 36. Qe7 Kg8 37. Rxh6 Qxe7 38. fxe7 Kf7 39. Rxb6 Kxe7 40. g4 a5 41. a4 1-0

[Event "FIDE WCCC Girls-12 2024"]
[Site "Montesilvano"]
[Date "2024.11.18"]
[Round "3.16"]
[White "Sri Darshini T"]
[Black "Xue, Tianhao"]
[Result "0-1"]
[ECO "A21"]
[WhiteElo "1681"]
[BlackElo "1835"]
[PlyCount "152"]
[EventDate "2024.11.18"]
[EventType "swiss"]
[EventCountry "ITA"]
[TimeControl "5400+30"]

1. c4 e5 2. Nc3 Bb4 3. Qb3 Nc6 4. e3 Bxc3 5. Qxc3 d6 6. Nf3 Nf6 7. d3 O-O 8. Be2 Re8 9. e4 Bg4 10. Be3 Nd7 11. b4 Qc8 12. O-O Nf8 13. b5 Nd8 14. c5 Bxf3 15. Bxf3 dxc5 16. Qxc5 c6 17. Rac1 b6 18. Qc3 c5 19. d4 exd4 20. Bxd4 Nde6 21. Be3 Qc7 22. e5 Rac8 23. Be4 Red8 24. f4 Qd7 25. Qc4 Nd4 26. a4 Qe6 27. Kh1 Qxc4 28. Rxc4 Nb3 29. Rc2 Rc7 30. Rb1 Na5 31. f5 Rcd7 32. Rcc1 Re8 33. Bxc5 bxc5 34. Rxc5 Rde7 35. b6 axb6 36. Rd5 Rxe5 37. Rxe5 Rxe5 38. Bd3 Rd5 39. Be2 Rxf5 40. Rxb6 Re5 41. Rb2 Re4 42. Ra2 Nb3 43. Bf1 Na5 44. Kg1 g6 45. Kf2 Ne6 46. Bb5 Rb4 47. Rd2 Nd4 48. Bd7 Nab3 49. Rb2 Rb7 50. Bg4 Ra7 51. Bd1 Nc5 52. Ra2 Nb5 53. Ra1 Nc3 54. Bc2 N3xa4 55. Bxa4 Rxa4 56. Rd1 Ne6 57. Rd2 Kg7 58. Rb2 h5 59. Rc2 Nd4 60. Rb2 Nf5 61. Re2 Rf4+ 62. Kg1 Nh6 63. Ra2 Rb4 64. g3 h4 65. Kg2 hxg3 66. Kxg3 Nf5+ 67. Kg2 Kh6 68. Ra7 Rb2+ 69. Kh3 f6 70. Ra8 Kg5 71. Ra4 Rb3+ 72. Kg2 Nh4+ 73. Kf2 f5 74. Rc4 Rb2+ 75. Kg3 f4+ 76. Kh3 Rb3+ 0-1

[Event "FIDE WCCC Girls-12 2024"]
[Site "Montesilvano"]
[Date "2024.11.18"]
[Round "3.17"]
[White "Muradova, Nebahat"]
[Black "Illes-Nagy, Nora"]
[Result "0-1"]
[ECO "D35"]
[WhiteElo "1626"]
[BlackElo "1803"]
[PlyCount "58"]
[EventDate "2024.11.18"]
[EventType "swiss"]
[EventCountry "ITA"]
[TimeControl "5400+30"]

1. d4 d5 2. c4 c6 3. Nf3 Nf6 4. Nc3 e6 5. cxd5 exd5 6. Bg5 h6 7. Bh4 Bf5 8. e3 Nbd7 9. Bd3 Bxd3 10. Qxd3 Be7 11. O-O O-O 12. a3 a5 13. Rab1 a4 14. Qc2 b5 15. Bxf6 Bxf6 16. Na2 Rc8 17. Rbc1 Nb6 18. Nb4 Nc4 19. Nd2 c5 20. dxc5 Bxb2 21. Rcd1 Bxa3 22. Na2 Rxc5 23. Nxc4 Rxc4 24. Qd3 b4 25. Nc1 Bxc1 26. Rxc1 Qc7 27. Qd2 Qc5 28. Rb1 b3 29. Rfd1 Rb8 0-1

[Event "FIDE WCCC Girls-12 2024"]
[Site "Montesilvano"]
[Date "2024.11.18"]
[Round "3.18"]
[White "Jordan, Christina"]
[Black "Bogomolnikova, Zlata"]
[Result "0-1"]
[ECO "B90"]
[WhiteElo "1803"]
[BlackElo "1628"]
[PlyCount "76"]
[EventDate "2024.11.18"]
[EventType "swiss"]
[EventCountry "ITA"]
[TimeControl "5400+30"]

1. e4 c5 2. Nf3 d6 3. d4 cxd4 4. Nxd4 Nf6 5. Nc3 a6 6. Be3 e5 7. Nb3 Be6 8. f3 Be7 9. Qd2 Nbd7 10. g4 b5 11. a3 Nb6 12. Na5 Rc8 13. O-O-O Nc4 14. Bxc4 Qxa5 15. Bxe6 fxe6 16. Qf2 Rxc3 17. bxc3 Qxc3 18. Kb1 Qxa3 19. Rd3 Qb4+ 20. Rb3 Qc4 21. Kb2 Qc6 22. Ra1 d5 23. exd5 exd5 24. Qd2 d4 25. Bf2 O-O 26. Bg3 Bd6 27. Qa5 Rc8 28. Qd2 Nd5 29. Bf2 Nb4 30. Rc1 Qc4 31. Be1 a5 32. h3 Be7 33. h4 Na2 34. Ra1 Bb4 35. Qf2 Nc3 36. Rxb4 Qxb4+ 37. Kc1 a4 38. Bxc3 Qxc3 0-1

[Event "FIDE WCCC Girls-12 2024"]
[Site "Montesilvano"]
[Date "2024.11.18"]
[Round "3.19"]
[White "Jacome Revelo, Daniela Alexandra"]
[Black "Huang, Lucia"]
[Result "1-0"]
[ECO "C50"]
[WhiteElo "1764"]
[BlackElo "1621"]
[PlyCount "139"]
[EventDate "2024.11.18"]
[EventType "swiss"]
[EventCountry "ITA"]
[TimeControl "5400+30"]

1. e4 e5 2. Nf3 Nc6 3. Bc4 Bc5 4. O-O Nf6 5. d4 Nxd4 6. Nxe5 O-O 7. Be3 Ne6 8. Bxe6 fxe6 9. Bxc5 d6 10. Ba3 Nxe4 11. Qd3 Nf6 12. Nf3 a5 13. Nc3 b6 14. Rfe1 Re8 15. Ne4 Ba6 16. Nxf6+ Qxf6 17. Qd4 Qg6 18. Qe4 Qf6 19. Nd4 e5 20. Qd5+ Kh8 21. Nb5 Rac8 22. Qc6 Re7 23. Re3 Qf7 24. Nc3 Qg6 25. Qe4 Qe6 26. f4 Rce8 27. Rae1 Qd7 28. fxe5 Rxe5 29. Qf4 Rxe3 30. Rxe3 b5 31. b4 axb4 32. Bxb4 c5 33. Qxd6 Qf7 34. Bxc5 Ra8 35. Rf3 Qg8 36. Rf8 Rxf8 37. Qxf8 Qxf8 38. Bxf8 Kg8 39. Bb4 Kf7 40. Kf2 Ke6 41. Ke3 Ke5 42. Ne2 Bb7 43. g4 g6 44. Nd4 Ba6 45. Nf3+ Kd5 46. Ng5 h6 47. Nf7 h5 48. Nh8 hxg4 49. Nxg6 Kc4 50. c3 Bc8 51. Kf4 Kd5 52. Ne5 Be6 53. Nxg4 Kc6 54. h4 Bxa2 55. h5 Kd7 56. h6 Bb1 57. Nf6+ Kc6 58. Ne4 Kd5 59. h7 Bxe4 60. h8=Q Bc2 61. Qd8+ Kc4 62. Qd4+ Kb3 63. Qd5+ Kb2 64. Qxb5 Kb3 65. Ba5+ Ka3 66. Qb4+ Ka2 67. Ke3 Bb3 68. Kd2 Bc2 69. Kxc2 Ka1 70. Qb2# 1-0

[Event "FIDE WCCC Girls-12 2024"]
[Site "Montesilvano"]
[Date "2024.11.18"]
[Round "3.20"]
[White "Aadya Ranganath"]
[Black "Ordonez Alarcon, Daniela"]
[Result "1-0"]
[ECO "C54"]
[WhiteElo "1753"]
[BlackElo "1606"]
[PlyCount "79"]
[EventDate "2024.11.18"]
[EventType "swiss"]
[EventCountry "ITA"]
[TimeControl "5400+30"]

1. e4 e5 2. Nf3 Nc6 3. Bc4 Nf6 4. d3 Bc5 5. c3 d6 6. h3 h6 7. O-O Be6 8. Bb5 a6 9. Bxc6+ bxc6 10. d4 exd4 11. cxd4 Bb6 12. Qa4 Bd7 13. e5 Nd5 14. exd6 cxd6 15. Re1+ Ne7 16. Bf4 Be6 17. Qa3 Bc7 18. Nc3 O-O 19. Ne4 Nc8 20. Rac1 Bd5 21. Ned2 Qf6 22. Bg3 Nb6 23. Ne4 Bxe4 24. Rxe4 d5 25. Ree1 Bxg3 26. fxg3 Nc4 27. Qc3 Rfc8 28. b3 Nd6 29. Ne5 Ne4 30. Qe3 Ra7 31. Rf1 Qd6 32. Qf4 Qe6 33. Nxc6 Rd7 34. Ne5 Rxc1 35. Rxc1 Rd6 36. Nxf7 Rd7 37. Rc8+ Kh7 38. Rh8+ Kg6 39. Ne5+ Kh5 40. Qh4# 1-0

[Event "FIDE WCCC Girls-12 2024"]
[Site "Montesilvano"]
[Date "2024.11.18"]
[Round "3.21"]
[White "Sabou, Stefania Theodora"]
[Black "Busuioc, Amelie"]
[Result "1-0"]
[ECO "A36"]
[WhiteElo "1736"]
[BlackElo "1581"]
[PlyCount "49"]
[EventDate "2024.11.18"]
[EventType "swiss"]
[EventCountry "ITA"]
[TimeControl "5400+30"]

1. c4 c5 2. Nc3 Nc6 3. g3 g6 4. Bg2 Bg7 5. e4 d6 6. Nge2 Bd7 7. d3 Qc8 8. Nf4 e5 9. Nfd5 Bh3 10. Bxh3 Qxh3 11. Nc7+ Kd8 12. Nxa8 Nd4 13. Be3 Qg2 14. Kd2 Kc8 15. Bxd4 exd4 16. Nd5 Qxf2+ 17. Qe2 Bh6+ 18. Kd1 Qxe2+ 19. Kxe2 Be3 20. Nac7 Nh6 21. Nxe3 Kxc7 22. Nd5+ Kb8 23. Nf6 Ng8 24. Nxg8 Rxg8 25. Rhf1 1-0